Map: Лед и хром РВ

Players

Doll - Winner!

  • Race: Zerg Zerg
  • Spawn Location: 7:00

ИИ 1 (знаток)

  • Race: Terran Terran
  • Spawn Location: 1:00

VOD

Have the link to the VOD?

Description

Time

  • Played on: Aug. 13, 2020, 2:56 p.m.
  • Length: 9:07
Show
View Real Time Build Order
Export as new Build Order

Doll Zerg - Winner!

Build Orders: Hatch First 

Get SALT Encoding   

  12  0:03  Drone  
  13  0:13  Overlord  
  13  0:19  Drone  
  14  0:45  Hatchery  
  14  0:46  Drone  
  14  0:49  Drone  
  15  0:53  Drone  
  16  1:02  Drone  
  17  1:13  Spawning Pool  
  17  1:16  Extractor  
  17  1:18  Drone  
  16  1:27  Drone  
  16  1:31  Drone  
  18  1:42  Drone  
  18  1:43  Extractor  
  18  1:51  Drone  
  19  2:00  Drone  
  20  2:08  Zergling x2  
  21  2:09  Queen  
  21  2:10  Queen  
  21  2:13  Zergling x2  
  21  2:15  Zergling x2  
  27  2:24  Drone  
  27  2:26  Overlord  
  28  2:47  Drone x2  
  28  2:48  Drone x2  
  32  3:04  Drone  
  33  3:07  Drone, Hatchery  
  33  3:09  Drone  
  34  3:13  Drone  
  34  3:15  Drone  
  36  3:21  Overlord  
  36  3:28  Lair  
  36  3:42  Roach Warren  
  36  3:43  Drone x3  
  38  3:49  Drone  
  38  3:50  Drone x2  
  38  3:53  Drone  
  42  3:57  Overlord  
  42  4:20  Overlord  
  42  4:26  Roach x6  
  42  4:27  Roach x2  
  58  4:35  Hydralisk Den  
  58  4:36  Drone  
  58  4:39  Drone x2  
  58  4:40  Drone x2  
  58  4:41  Drone  
  63  4:49  Overlord  
  63  4:53  Queen  
  63  4:59  Drone  
  66  5:02  Overlord  
  66  5:12  Roach x3  
  66  5:13  Roach  
  74  5:23  Roach x2  
  74  5:24  Roach x2  
  74  5:25  Overlord  
  74  5:26  Overlord  
  82  5:47  Roach x2, Hydralisk x2  
  82  5:48  Roach, Hydralisk  
  82  5:49  Hydralisk  
  96  5:52  Hatchery, Hydralisk  
  97  6:03  Overseer  
  97  6:13  Overlord  
  97  6:14  Overlord x2  
  97  6:15  Overlord  
  97  6:21  Drone  
  97  6:25  Extractor  
  95  6:27  Extractor  
  92  6:36  Hydralisk x4  
  92  6:37  Hydralisk x4  
  107  6:52  Roach x2, Hydralisk x3  
  107  6:53  Hydralisk  
  111  7:02  Zergling x2  
  111  7:03  Zergling x10  
  109  7:08  Queen  
  109  7:10  Drone x2  
  109  7:13  Drone  
  108  7:23  Drone x3  
  108  7:25  Glial Reconstitution  
  105  7:30  Grooved Spines  
  103  7:39  Spine Crawler  
  102  7:45  Zergling x8  
  102  7:46  Zergling x10  
  111  8:01  Roach x5  
  111  8:03  Drone x2  
  123  8:07  Drone x2  
  123  8:11  Overseer  
  125  8:24  Roach x2  
  125  8:25  Roach x4  
  135  8:27  Drone  
  135  8:28  Overlord  
  135  8:36  Overlord x2  
Show
View Real Time Build Order
Export as new Build Order

ИИ 1 (знаток) Terran 

Build Orders:  

Get SALT Encoding   

  12  0:00  SCV  
  13  0:13  SCV  
  14  0:18  Supply Depot  
  14  0:25  SCV  
  15  0:39  SCV  
  15  0:41  Barracks  
  16  0:47  Refinery  
  16  0:52  SCV  
  17  1:04  SCV  
  18  1:16  SCV  
  19  1:21  Supply Depot  
  19  1:28  SCV  
  19  1:30  Marine  
  21  1:41  Orbital Command, Barracks  
  21  1:49  Refinery, Barracks Tech Lab  
  21  2:03  Factory  
  21  2:07  Marine  
  22  2:20  Supply Depot  
  22  2:25  Marauder  
  22  2:28  Marine  
  25  2:46  Marine  
  25  2:48  Hellion  
  28  2:54  Supply Depot  
  28  2:56  Marine  
  29  3:04  Marine  
  30  3:14  Marine  
  31  3:21  Marine  
  31  3:25  Supply Depot  
  32  3:31  Marine  
  33  3:36  Hellion  
  35  3:43  Marine  
  35  3:47  SCV  
  37  3:52  Supply Depot  
  37  3:57  Hellion  
  37  3:59  SCV, Marauder  
  42  4:06  Engineering Bay  
  42  4:11  SCV  
  43  4:19  Hellion  
  43  4:21  Marauder  
  43  4:23  SCV  
  48  4:35  SCV  
  49  4:40  Hellion  
  49  4:42  Marauder  
  53  4:47  SCV  
  54  6:16  Barracks Tech Lab  
  54  6:17  Stimpack, Widow Mine  
  54  6:18  Terran Infantry Weapons Level 1  
  56  6:20  Factory  
  56  6:23  Marine  
  56  6:24  Starport, Command Center  
  57  6:27  Starport  
  57  6:29  Supply Depot  
  57  6:31  Missile Turret  
  55  6:33  Missile Turret  
  55  6:34  Combat Shield  
  55  6:35  Marine  
  55  6:39  Factory Tech Lab  
  51  6:42  Marauder  
  48  6:53  Marauder  
  49  6:57  Hellion  
  45  7:02  Starport Tech Lab  
  45  7:03  Marine  
  45  7:06  Factory Tech Lab, Command Center, Starport Tech Lab  
  35  7:14  Marine  
  32  7:21  Marine  
  29  7:23  Widow Mine  
  30  7:32  Marine  
  30  7:35  Siege Tank  
  33  7:42  Marine  
  34  7:49  Marine  
  35  8:00  Marauder  
  35  8:01  Siege Tank  
  40  8:08  Marine  
  41  8:19  SCV  
  42  8:21  SCV, Marine  
  42  8:26  Marauder  
  30  8:39  Marine  
  23  8:47  Marine  
Tags
 
Add a new tag
Caveats
  • Supply blocks, unpowered buildings, or Contaminate may cause inaccurate times.
  • Supply counts are checked every 10 seconds.